 Dungeon Crawl Stone Soup version 0.24-a0-10-gb84795d (webtiles) character file.

Game seed: 371795394870023801

4659 tilp the Fighter (level 10, -9/80 HPs)
             Began as a Merfolk Ice Elementalist on Jan 30, 2019.
             Was a Believer of Makhleb.
             Mangled by Psyche
             ... wielding a +4 dagger of chaos
              (19 damage)
             ... on level 8 of the Dungeon on Jan 31, 2019.
             The game lasted 00:40:31 (13615 turns).

tilp the Fighter (Merfolk Ice Elementalist)        Turns: 13615, Time: 00:40:33

Health: -9/80      AC:  5    Str: 10 (12) XL:     10   Next: 43%
Magic:  16/19      EV: 17    Int: 17 (18) God:    Makhleb [**....]
Gold:   394        SH:  0    Dex: 12 (14) Spells: 15/21 levels left

rFire    . . .     SeeInvis .   a - +1 whip (flame)
rCold    . . .     Gourm    .   (no shield)
rNeg     . . .     Faith    .   K - +1 troll leather armour
rPois    .         Spirit   .   (no helmet)
rElec    .         Reflect  .   (no cloak)
rCorr    .         Harm     .   (no gloves)
MR       .....                  (no boots)
Stlth    +.........             (no amulet)
HPRegen  0.63/turn              g - +3 ring of strength
MPRegen  0.16/turn              M - +4 ring of evasion

@: lethally poisoned (-9 -> -10), very slightly contaminated, hasted, heavily
drained, invisible, very quick
A: change form in water, swift swim, stealthy swim
a: Minor Destruction, Renounce Religion


You were on level 8 of the Dungeon.
You worshipped Makhleb.
Makhleb was pleased with you.
You were very hungry.

You visited 1 branch of the dungeon, and saw 9 of its levels.

You collected 394 gold pieces.

Inventory:

Hand Weapons
 a - a +1 whip of flaming (weapon)
 b - a +0 hunting sling
 i - a +0 halberd
 E - the +6 long sword "Luemimp" {vamp, Str+4 Int+4}
   (You found it on level 6 of the Dungeon)

   It inflicts no extra harm, but heals its wielder when it wounds a living foe.
   It affects your strength (+4).
   It affects your intelligence (+4).
 I - a +0 glaive
 L - a +0 spear
 U - a +2 trident of protection
 V - a cursed +3 trident
Missiles
 e - 3 tomahawks of returning
 k - 336 stones
 q - a throwing net
 w - 4 tomahawks (quivered)
 F - 28 sling bullets
 R - 4 exploding tomahawks
Armour
 K - a +1 troll leather armour (worn)
 T - a +0 robe
Jewellery
 g - a +3 ring of strength (left hand)
 n - an uncursed amulet of regeneration
 r - a +3 ring of evasion
 A - an uncursed amulet of magic regeneration
 D - an uncursed amulet of the acrobat
 M - a +4 ring of evasion (right hand)
 O - an uncursed ring of protection from magic
Wands
 u - a wand of acid (3)
 G - a wand of scattershot (4)
Scrolls
 j - a scroll of fear
 l - 3 scrolls of teleportation
 m - a scroll of enchant armour
 t - 2 scrolls of remove curse
 x - a scroll of noise {unknown}
 y - a scroll of vulnerability {unknown}
 P - a scroll of summoning {unknown}
 Q - a scroll of blinking {unknown}
 S - a scroll of amnesia {unknown}
Potions
 d - 2 potions of lignification
 f - a potion of degeneration
 o - a potion of heal wounds {unknown}
 s - 2 potions of ambrosia {unknown}
 v - a potion of berserk rage {unknown}
 z - a potion of invisibility {unknown}
 B - a potion of might {unknown}
 C - 2 potions of mutation {unknown}
 H - a potion of flight {unknown}
 J - a potion of agility {unknown}
 N - a potion of cancellation {unknown}
Comestibles
 c - 13 rations


   Skills:
 - Level 8.1(6.3) Fighting
 + Level 5.7(4.0) Polearms
 - Level 6.0(4.3) Dodging
 - Level 2.1(0.6) Stealth
 - Level 6.0(4.3) Spellcasting
 - Level 0.7(0.0) Conjurations
 - Level 8.0(6.2) Ice Magic
 - Level 5.0(3.3) Invocations
 - Level 5.0(3.3) Evocations


You had 15 spell levels left.
You knew the following spells:

 Your Spells              Type           Power        Failure   Level  Hunger
a - Freeze                Ice            ###.         1%          1    None
b - Throw Frost           Conj/Ice       ##....       9%          2    ##.....
c - Ozocubu's Armour      Chrm/Ice       ##......     17%         3    ###....

Your spell library contained the following spells:

 Spells                   Type           Power        Failure   Level  Hunger
 Summon Ice Beast         Ice/Summ       ##......     50%         4    ####...
 Throw Icicle             Conj/Ice       ##......     50%         4    ####...


Dungeon Overview and Level Annotations

Branches:
Dungeon (9/15)             Temple (0/1) D:5
   Lair: D:8-11         Orc: D:9-12

Altars:
Ashenzari
Elyvilon
Gozag
Kikubaaqudgha
Makhleb
Nemelex Xobeh
Ru
Xom
Zin

Annotations:
D:4 2 transporters, exclusion: phantom, Mgcat's ghost, amateur HOFi; Sigmund
D:8 exclusions: electric eel and 2 more exclusions, Psyche


Message History

* * * LOW HITPOINT WARNING * * *
Something hits you but does no damage.
You are confused.
Something hits you.
* * * LOW HITPOINT WARNING * * *
You feel yourself speed up.
You can move again.
Unknown command.
Unknown command.
Unknown command.
Unknown command.
Unknown command.
Unknown command.
Unknown command.
You feel better. Something hits you but does no damage.
You are poisoned.
Something hits you.
* * * LOW HITPOINT WARNING * * *
You are electrocuted!!
You die...

####.# #.##.###
#...)..# #.##.###
#.#..# ##### #.#.####
..... #.#...<# (
#.###### oo #..@{o#
oo ############o#
#######.#..o..oo...#
......#.......#######
oo....#...#.........#
......#...#.#.###.###
....o.#...#.#.# #.#
......#o..#...# #.#
........>.#######.#


You could see an orc priest and an orc.

Vanquished Creatures
  Pikel (D:5)
  A troll (D:7)
  Prince Ribbit (D:8)
  Grinder (D:5)
  Eustachio (D:6)
  A wyvern (D:9)
  A hungry ghost (D:8)
  A black bear (D:9)
  2 sky beasts
  A phantom (D:9)
  4 orc warriors (D:8)
  2 ogres
  A centaur (D:7)
  Blork the orc (D:6)
  6 bullfrogs
  A wyvern skeleton (D:7)
  3 scorpions
  5 wights (D:8)
  4 howler monkeys
  5 crimson imps
  2 orc priests
  2 hounds
  6 jellies
  5 orc wizards
  2 bullfrog skeletons
  2 iguanas
  5 worker ants
  A worker ant zombie (D:8)
  6 gnolls
  A howler monkey skeleton (D:4)
  13 adders
  2 shadow imps
  6 oozes
  3 adder skeletons
  2 worms
  A dart slug (D:2)
  4 leopard geckos
  32 orcs
  8 bats
  5 giant cockroaches
  8 goblins
  5 hobgoblins
  6 jackals
  2 kobolds
  2 quokkas
  A ball python (D:5)
  3 frilled lizards
  A leopard gecko skeleton (D:5)
  A quokka zombie (D:8)
  5 rats
185 creatures vanquished.

Vanquished Creatures (others)
  A hound skeleton (D:6)
  A shadow imp (D:6)
  A worm (D:6)
3 creatures vanquished.

Grand Total: 188 creatures vanquished

Notes
Turn   | Place    | Note
-------+----------+-------------------------------------------
     0 | D:1      | tilp the Merfolk Ice Elementalist began the quest for the
                  | Orb.
     0 | D:1      | Reached XP level 1. HP: 13/13 MP: 3/3
   313 | D:1      | Reached XP level 2. HP: 19/19 MP: 3/5
   398 | D:1      | Learned a level 2 spell: Throw Frost
  1124 | D:1      | Reached XP level 3. HP: 11/24 MP: 0/6
  2042 | D:2      | Reached skill level 5 in Ice Magic
  2625 | D:2      | Reached XP level 4. HP: 30/30 MP: 7/7
  3073 | D:3      | Found a glowing silver altar of Zin.
  3073 | D:3      | Noticed an angel
  3415 | D:4      | Reached XP level 5. HP: 35/35 MP: 4/8
  3575 | D:4      | Found a transporter.
  3576 | D:4      | Noticed Mgcat's ghost (amateur HOFi)
  3577 | D:4      | Identified the +6 dire flail "Fuom" {speed, rElec}
  3577 | D:4      | Noticed an ogre
  3587 | D:4      | Found a transporter.
  3725 | D:4      | Learned a level 3 spell: Ozocubu's Armour
  3906 | D:4      | Reached XP level 6. HP: 41/41 MP: 7/9
  3976 | D:4      | Noticed a phantom
  4087 | D:4      | Noticed Sigmund
  4269 | D:4      | Found a sparkling altar of Nemelex Xobeh.
  4294 | D:4      | Found a burning altar of Makhleb.
  4295 | D:4      | Found a shimmering altar of Xom.
  4315 | D:4      | Became a worshipper of Makhleb the Destroyer
  4520 | D:5      | Entered Level 5 of the Dungeon
  4585 | D:5      | Noticed a sky beast
  4899 | D:5      | Found a staircase to the Ecumenical Temple.
  4975 | D:5      | Noticed an ice beast
  5186 | D:5      | Killed a sky beast
  5186 | D:5      | Reached XP level 7. HP: 40/50 MP: 2/10
  5951 | D:5      | Reached skill level 5 in Dodging
  6306 | D:5      | Found a sacrificial altar of Ru.
  6306 | D:5      | Found an ancient bone altar of Kikubaaqudgha.
  6314 | D:5      | Found a shattered altar of Ashenzari.
  6318 | D:5      | Found a white marble altar of Elyvilon.
  6441 | D:6      | Reached XP level 8. HP: 47/60 MP: 1/11
  6489 | D:6      | Noticed Grinder
  6732 | D:5      | Killed Grinder
  6732 | D:5      | Reached skill level 5 in Fighting
  7103 | D:6      | Noticed Pikel
  7125 | D:5      | Killed Pikel
  7355 | D:6      | Got a fine long sword
  7443 | D:6      | Noticed Eustachio
  7446 | D:6      | Noticed Blork the orc
  7524 | D:6      | Reached skill level 1 in Invocations
  7524 | D:6      | Reached skill level 1 in Evocations
  7524 | D:6      | Reached XP level 9. HP: 74/74 MP: 7/12
  7541 | D:6      | Killed Blork the orc
  7592 | D:6      | Killed Eustachio
  8473 | D:7      | Found an opulent altar of Gozag.
  8591 | D:7      | Reached * piety under Makhleb
  8703 | D:7      | Noticed a troll
  8726 | D:7      | Killed a troll
  9697 | D:7      | Reached skill level 5 in Invocations
 10465 | D:8      | Upgraded the game from 0.24-a0-7-g1bb0902 to
                  | 0.24-a0-10-gb84795d
 10555 | D:8      | Reached skill level 5 in Evocations
 11111 | D:8      | Noticed Prince Ribbit
 11393 | D:8      | Reached ** piety under Makhleb
 11549 | D:8      | Reached XP level 10. HP: 53/80 MP: 7/16
 11743 | D:8      | Noticed Psyche
 12141 | D:8      | Reached skill level 5 in Spellcasting
 12376 | D:9      | Noticed a two-headed ogre
 12425 | D:7      | Identified the +6 long sword "Luemimp" {vamp, Str+4 Int+4}
                  | (You found it on level 6 of the Dungeon)
 12859 | D:8      | Reached skill level 1 in Polearms
 13010 | D:8      | Killed Prince Ribbit
 13538 | D:8      | Reached skill level 5 in Polearms
 13609 | D:8      | Paralysed by something for 6 turns
 13613 | D:8      | HP: 2/80 [something/puff of flame (6)]
 13615 | D:8      | Mangled by Psyche

Vault maps used:
D:1:      nzn_arrival_settlement, minmay_tromino_i2
D:3:      zin_angel, dk_noncrumbling_3
D:4:      grunt_temple_overflow_champion_of_chaos,
          nemelex_xobeh_ov_fountains_minmay, first_ration,
          gammafunk_ghost_smash, uniq_sigmund
D:5:      minitemple, minmay_temple_entry_steel_oval
D:6:      uniq_grinder, uniq_blork_the_orc, uniq_eustachio, uniq_pikel
D:7:      nicolae_gozag_seed_capital
D:8:      special_room, abandoned_shop, hangedman_little_slice_of_home,
          hex_large, nicolae_lava_and_water, uniq_prince_ribbit1, uniq_psyche
D:9:      nicolae_overflow_hidden_temple

Skill      XL: |  1  2  3  4  5  6  7  8  9 10 |
---------------+-------------------------------+-----
Ice Magic      | 4 5 6 7 8 |  8.0
Dodging        | 3 5 6 |  6.0
Fighting       | 2 4 8 |  8.1
Invocations    | 1 5 |  5.0
Evocations     | 1 5 |  5.0
Spellcasting   | 4 6 |  6.0
Polearms       | 5 |  5.7
Stealth        | |  2.1
Conjurations   | |  0.7

Action                   |  1- 3 |  4- 6 |  7- 9 | 10-12 || total
-------------------------+-------+-------+-------+-------++-------
Melee: Dagger            |     7 |    38 |       |       ||    45
       Unarmed           |     1 |       |       |       ||     1
       Whip              |       |       |    37 |   181 ||   218
 Fire: Hunting sling     |    36 |    79 |   160 |    12 ||   287
Throw: Stone             |    19 |       |       |       ||    19
       Tomahawk          |       |       |     7 |     2 ||     9
 Cast: Freeze            |    37 |    47 |   153 |    65 ||   302
       Ozocubu's Armour  |       |     4 |    11 |    11 ||    26
       Throw Frost       |       |       |     6 |       ||     6
Invok: Minor Destruction |       |       |       |    15 ||    15
Evoke: Wand              |       |     1 |     6 |       ||     7
  Use: Scroll            |       |       |       |     9 ||     9
       Potion            |       |       |       |     3 ||     3
 Stab: Sleeping          |     2 |       |       |     1 ||     3
  Eat: Chunk             |     6 |     9 |    16 |     6 ||    37
       Ration            |       |       |     2 |     3 ||     5
Armor: Robe              |     4 |       |       |       ||     4
       Leather armour    |     8 |    19 |    15 |       ||    42
       Troll leather arm |       |       |    19 |    42 ||    61
Dodge: Dodged            |    21 |    51 |   156 |   176 ||   404

Table legend:
 A = Non-vault XP
 B = Vault XP
 C = Vault XP percentage of total XP
 D = Non-vault monster count
 E = Vault monster count
 F = Vault count percentage of total count
                 A         B        C        D         E       F
            +---------+---------+-------+---------+---------+-------
      Total |    4488 |    2169 |  32.6 |     153 |      32 |  17.3
            +---------+---------+-------+---------+---------+-------
        D:1 |      37 |       3 |   7.5 |      19 |       2 |   9.5
        D:2 |      46 |       0 |   0.0 |      15 |       0 |   0.0
        D:3 |      59 |       0 |   0.0 |      15 |       0 |   0.0
        D:4 |     335 |      50 |  13.0 |      12 |       1 |   7.7
        D:5 |     506 |     922 |  64.6 |      16 |       2 |  11.1
        D:6 |     456 |     297 |  39.4 |      11 |       2 |  15.4
        D:7 |    1190 |       0 |   0.0 |      25 |       0 |   0.0
        D:8 |    1280 |     897 |  41.2 |      32 |      25 |  43.9
        D:9 |     579 |       0 |   0.0 |       8 |       0 |   0.0
            +---------+---------+-------+---------+---------+-------
